 Dungeon Crawl Stone Soup version 0.31-a0-851-g7ff8af7976 (webtiles) character file.

Game seed: 2669604249308288833

2596 Warped the Gouger (level 9, -7/3 HPs)
             Began as a Felid Conjurer on July 5, 2023.
             Was an Elder of Makhleb.
             Mangled by a skeletal warrior
             ... wielding a +0 long sword
              (10 damage)
             ... on level 11 of the Dungeon on Oct 7, 2023.
             The game lasted 01:01:19 (18795 turns).

Warped the Gouger (Felid Conjurer)                 Turns: 18795, Time: 01:01:19

Health: -7/3       AC:  2    Str:  9    XL:     9   Next: 33%
Magic:  0/28       EV: 20    Int: 22    God:    Makhleb [****..]
Gold:   154        SH:  0    Dex: 15    Spells: 3/20 levels left
                                        Lives:  0   Deaths: 3

rFire   . .          .
                       - Unarmed
rCold   . . .        (shield unavailable)
rNeg    . . .        (body armour unavailable)
rPois   .            (helmet unavailable)
rElec   .            (cloak unavailable)
rCorr   .            (gloves unavailable)
SInv    +            (boots unavailable)
Will    +....        c - amulet of guardian spirit
Stlth   +++          k - ring of magical power
HPRegen 0.20/turn    l - +6 ring of strength
MPRegen 0.21/turn

%: guardian spirit
@: maw-form, very slightly contaminated, quick
A: devouring maw, reduced hp, very small, claws 1, fangs 3, see invisible, speed
1, shaggy fur 2, stealthy paws, no weapons or thrown items, no armour,
multi-lived, frail 1, weak 1, devolution 1
a: Begin Untransformation, Renounce Religion, Minor Destruction, Lesser Servant
of Makhleb, Major Destruction


You were on level 11 of the Dungeon.
You worshipped Makhleb.
Makhleb was greatly pleased with you.
You were a creature with a mouth for a stomach.
You visited 3 branches of the dungeon, and saw 13 of its levels.
You also visited: Sewer.

You collected 1183 gold pieces.
You spent 1029 gold pieces at shops.

Inventory:

Hand Weapons
 p - a +1 hammer
Missiles
 u - 25 stones
Jewellery
 c - an amulet of guardian spirit (around neck)
 f - a ring of fire
 k - a ring of magical power (left paw)
 l - a +6 ring of strength (right paw)
 y - the ring "Siut" {Ice Fly SInv}
   (You found it on level 11 of the Dungeon)

   [ring of ice]

   Ice:       It enhances your ice magic.
   rF-:       It makes you vulnerable to fire.
   rC+:       It protects you from cold.
   SInv:      It lets you see invisible.
   Fly:       It grants you flight.
Talismans
 v - a maw talisman (active)
Wands
 b - a wand of polymorph (9)
 m - a wand of flame (40)
Scrolls
 e - 3 scrolls of blinking
 h - 3 scrolls of immolation
 j - a scroll of fear
 q - a scroll of teleportation
 t - a scroll of butterflies {unknown}
 z - a scroll of identify
Potions
 a - 3 potions of magic
 d - a potion of brilliance
 g - 2 potions of enlightenment
 i - 2 potions of cancellation
 n - 2 potions of attraction
 o - a potion of haste
 s - a potion of invisibility
 x - a potion of curing
 A - a potion of berserk rage {unknown}
Miscellaneous
 r - a phial of floods (inert)
 w - a condenser vane (inert)


   Skills:
 + Level 5.1 Fighting
 + Level 6.3 Dodging
 + Level 6.4 Stealth
 - Level 9.0 Unarmed Combat
 + Level 6.1 Spellcasting
 * Level 8.9 Conjurations
 - Level 6.3 Hexes
 + Level 6.9 Translocations
 * Level 5.0 Earth Magic
 - Level 1.3 Evocations


You had 3 spell levels left.
You knew the following spells:

 Your Spells              Type           Power      Damage    Failure   Level
a - Magic Dart            Conj           100%       1d8       1%          1
b - Searing Ray           Conj           90%        2d7       1%          2
c - Dazzling Flash        Conj/Hex       80%        N/A       1%          3
d - Fulminant Prism       Conj/Hex       20%        3d12      4%          4
e - Iskenderun's Mystic   Conj/Tloc      41%        2d9       3%          4
f - Stone Arrow           Conj/Erth      74%        3d11      1%          3

Your spell library contained the following spells:

 Spells                   Type           Power      Damage    Failure   Level
 Ozocubu's Armour         Ice            6%         N/A       26%         3
 Iskenderun's Battlesphe  Conj           45%        2d10      6%          5
 Summon Forest            Summ/Tloc      11%        N/A       52%         5
 Metabolic Englaciation   Hex/Ice        10%        N/A       56%         5
 Bombard                  Conj/Erth      18%        9d4       61%         6
 Eringya's Noxious Bog    Tmut/Pois      3%         4d6       100%        6
 Simulacrum               Ice/Necr       3%         N/A       100%        6
 Spellforged Servitor     Conj/Summ      13%        N/A       100%        7
 Summon Hydra             Summ           3%         N/A       100%        7
 Lehudib's Crystal Spear  Conj/Erth      18%        10d6      100%        8
 Animate Armour           Summ/Erth      Unusable   N/A       N/A         4

Dungeon Overview and Level Annotations

Branches:
Dungeon (11/15)            Temple (1/1) D:4            Lair (1/5) D:10
    Orc (0/2) D:11          Sewer (visited)

Altars:
Cheibriados
Dithmenos
Elyvilon
Fedhas
Gozag
Makhleb
Nemelex Xobeh
Qazlal
Ru
Sif Muna
Xom
Zin
The Shining One

Shops:
D:9 :   D:10 ?

Annotations:
D:2 Terence
D:7 2 transporters, exclusion: ice statue, Dittersdorf's ghost, novice GrFi


Innate Abilities, Weirdness & Mutations

You are a creature with a mouth for a stomach.
Your midsection houses a second, enormous mouth.
Your maximum health is decreased, since you lack skill for your form.
You have sharp claws.
You have razor-sharp teeth.
You have supernaturally acute eyesight. (SInv)
You cover ground quickly. (Speed+)
You are covered in thick fur. (AC +2)
Your paws help you pounce on unaware monsters.
You are incapable of wielding weapons or throwing items.
You cannot wear armour.
You gain extra lives every three experience levels.
You are frail. (-10% HP)
You are weak. (Str -2)
You have hidden genetic defects.


Message History

The skeletal warrior throws a stone.
The stone hits you.
Casting: Stone Arrow (safe; 1% risk of failure)
Confirm with . or Enter, or press ? or * to list all spells.
Aiming: Stone Arrow (safe; 1% risk of failure)
Press: ? - help, Shift-Dir - straight line, f/p - skeletal warrior
Aim: a skeletal warrior, wielding a +0 long sword and wearing a +4 ring of protection (lightly damaged, 74% to hit)
The stone arrow hits the skeletal warrior!
The skeletal warrior is moderately damaged.
Casting: Stone Arrow (safe; 1% risk of failure)
Confirm with . or Enter, or press ? or * to list all spells.
Aiming: Stone Arrow (safe; 1% risk of failure)
Press: ? - help, Shift-Dir - straight line, f/p - skeletal warrior
Aim: a skeletal warrior, wielding a +0 long sword and wearing a +4 ring of protection (moderately damaged, 74% to hit)
The stone arrow hits the skeletal warrior!
The skeletal warrior is heavily damaged.
Casting: Stone Arrow (safe; 1% risk of failure)
Confirm with . or Enter, or press ? or * to list all spells.
Aiming: Stone Arrow (safe; 1% risk of failure)
Press: ? - help, Shift-Dir - straight line, f/p - skeletal warrior
Aim: a skeletal warrior, wielding a +0 long sword and wearing a +4 ring of protection (heavily damaged, 74% to hit)
You miscast Stone Arrow.
You are very lightly contaminated with residual magic.
Nothing appears to happen.
Casting: Stone Arrow (safe; 1% risk of failure)
Confirm with . or Enter, or press ? or * to list all spells.
Aiming: Stone Arrow (safe; 1% risk of failure)
Press: ? - help, Shift-Dir - straight line, f/p - skeletal warrior
Aim: a skeletal warrior, wielding a +0 long sword and wearing a +4 ring of protection (heavily damaged, 74% to hit)
The stone arrow misses the skeletal warrior.
The stone arrow hits the gargoyle but does no damage.
Casting: Stone Arrow (safe; 1% risk of failure)
Confirm with . or Enter, or press ? or * to list all spells.
Aiming: Stone Arrow (safe; 1% risk of failure)
Press: ? - help, Shift-Dir - straight line, f/p - skeletal warrior
Aim: a skeletal warrior, wielding a +0 long sword and wearing a +4 ring of protection (heavily damaged, 74% to hit)
The stone arrow hits the skeletal warrior but does no damage.
The skeletal warrior is heavily damaged.
The skeletal warrior hits you with a +0 long sword!
Ouch! That really hurt!
You die...

######### ........#
.....^..# ........#
........# ........#
..~.....#############
.........z..z9.zW...#
.......z##########.##
........# #...#<..#
...9....# #.#.#####
.z....#.# #(#...#
#####.#.# #.###.#
....#.#.# #.# #.#
....#.#.#####.# #.#
....#.#.......# #.#


You could see 3 skeletal warriors and a gargoyle.

Vanquished Creatures
  A two-headed ogre (D:10)
  Pikel (D:6)
  2 cyclopes (D:11)
  An unseen horror (D:11)
  A rime drake (D:10)
  Sigmund (D:2)
  2 wyverns (D:8)
  A vampire (D:10)
  11 yaks
  Eustachio (D:6)
  A steam dragon (D:8)
  A vampire mosquito (D:11)
  3 acid dragons (D:11)
  Edmund (D:6)
  4 water moccasins
  5 orc warriors
  3 sky beasts
  2 black bears
  10 ice beasts
  2 ogres (D:5)
  4 centaurs
  3 wolves
  3 lemures (D:6)
  8 kobold brigands
  4 bullfrogs
  4 scorpions
  16 wights
  3 howler monkeys
  4 jellies
  A crimson imp (D:9)
  4 hounds
  4 orc priests
  Crazy Yiuf (D:6)
  4 gnoll boudas
  A sleepcap (D:4)
  5 iguanas
  Ijyb (D:5)
  Natasha (thrice) (D:3)
  5 orc wizards
  20 gnolls
  10 adders
  2 white imps
  An ufetubus (D:5)
  A dart slug (D:4)
  5 worms
  25 orcs
  9 ball pythons
  6 bats
  12 endoplasms
  4 giant cockroaches
  5 goblins
  4 hobgoblins
  6 jackals (D:4)
  A quokka (D:4)
  2 frilled lizards
  21 kobolds
  6 rats
272 creatures vanquished.

Vanquished Creatures (others)
  13 fulminant prisms
13 creatures vanquished.

Grand Total: 285 creatures vanquished

Notes
Turn   | Place    | Note
-------+----------+-------------------------------------------
     0 | D:1      | Warped the Felid Conjurer began the quest for the Orb.
     0 | D:1      | Reached XP level 1. HP: 7/7 MP: 4/4
   579 | D:1      | Reached XP level 2. HP: 11/11 MP: 3/6
   582 | D:1      | Learned a level 2 spell: Searing Ray
  1041 | D:2      | Noticed Terence
  1375 | D:2      | Noticed Sigmund
  1454 | D:2      | Reached skill level 1 in Unarmed Combat
  1454 | D:2      | Reached XP level 3. HP: 8/15 MP: 0/8
  1849 | D:2      | Reached skill level 1 in Fighting
  2027 | D:2      | Learned a level 3 spell: Dazzling Flash
  2035 | D:2      | Reached XP level 4. HP: 15/19 MP: 0/9
  3350 | D:2      | Killed Sigmund
  3351 | D:2      | Reached skill level 2 in Unarmed Combat
  3351 | D:2      | Reached skill level 1 in Hexes
  3351 | D:2      | Reached XP level 5. HP: 3/22 MP: 1/11
  5000 | D:3      | Found a faded altar of an unknown god.
  5001 | D:3      | Noticed a great orb of eyes
  5004 | D:3      | Noticed a golden eye
  5023 | D:3      | Noticed a golden eye
  5032 | D:3      | Noticed a shining eye
  5182 | D:3      | Noticed Natasha
  5193 | D:3      | Killed Natasha
  5194 | D:3      | Gained mutation: You are covered in thick fur. (AC +2)
                  | [Felid growth]
  5194 | D:3      | Reached XP level 6. HP: 17/26 MP: 2/12
  5401 | D:3      | Noticed Natasha
  5406 | D:3      | Killed Natasha
  5503 | D:3      | Noticed Natasha
  5512 | D:3      | Killed Natasha
  5872 | D:4      | HP: 1/26 [sleepcap (17)]
  5981 | D:4      | Found a glowing drain.
  6015 | D:4      | Learned a level 4 spell: Fulminant Prism
  6026 | Sewer    | Entered a sewer
  6104 | Sewer    | Reached skill level 3 in Unarmed Combat
  6492 | Sewer    | Reached XP level 7. HP: 23/30 MP: 4/14
  7363 | D:4      | Found a staircase to the Ecumenical Temple.
  7371 | Temple   | Entered the Ecumenical Temple
  7381 | Temple   | Became a worshipper of Makhleb the Destroyer
  7592 | D:4      | Found a sparkling altar of Nemelex Xobeh.
  7965 | D:4      | Reached skill level 4 in Unarmed Combat
  8039 | D:4      | Learned a level 4 spell: Iskenderun's Mystic Blast
  8078 | D:4      | Reached * piety under Makhleb
  8302 | D:5      | Entered Level 5 of the Dungeon
  8339 | D:5      | Found a snail-covered altar of Cheibriados.
  8353 | D:5      | HP: 1/30 [poisoned by a water moccasin]
  8354 | D:5      | Noticed Ijyb
  8597 | D:5      | Reached skill level 1 in Translocations
  8597 | D:5      | Reached XP level 8. HP: 34/34 MP: 16/16
  8741 | D:5      | Reached skill level 5 in Stealth
  8879 | D:5      | Identified the +8 flail of Infinite Pain {holy, Str+4}
  8895 | D:5      | Reached skill level 5 in Spellcasting
  8952 | D:5      | Killed Ijyb
  9051 | D:5      | Reached skill level 5 in Dodging
  9165 | D:5      | Reached skill level 5 in Conjurations
  9368 | D:5      | Reached skill level 5 in Unarmed Combat
  9598 | D:6      | Reached XP level 9. HP: 39/39 MP: 15/18
  9826 | D:6      | Reached skill level 5 in Hexes
  9962 | D:6      | Noticed Edmund
  9981 | D:6      | Killed Edmund
 10182 | D:6      | Noticed Eustachio
 10189 | D:6      | Killed Eustachio
 10306 | D:6      | Found a runed translucent door.
 10307 | D:6      | Noticed Crazy Yiuf
 10533 | D:6      | Reached skill level 6 in Unarmed Combat
 10556 | D:6      | Noticed Pikel
 10579 | D:6      | Killed Pikel
 10579 | D:6      | Reached ** piety under Makhleb
 10837 | D:6      | Reached skill level 5 in Translocations
 11027 | D:6      | Killed Crazy Yiuf
 11175 | D:7      | Reached skill level 7 in Unarmed Combat
 11565 | D:7      | Found a transporter.
 11566 | D:7      | Noticed a troll
 11567 | D:7      | Noticed an ice statue
 11965 | D:7      | Found a transporter.
 11972 | D:7      | Noticed Dittersdorf's ghost (novice GrFi)
 12288 | D:8      | Found a glowing golden altar of the Shining One.
 12334 | D:7      | Learned a level 3 spell: Stone Arrow
 12388 | D:8      | Reached XP level 10. HP: 31/43 MP: 11/19
 12657 | D:8      | Reached skill level 1 in Earth Magic
 13188 | D:8      | HP: 2/43 [wyvern (15)]
 13189 | D:8      | Slain by a wyvern
 13190 | D:8      | Reached XP level 9. HP: -3/39 MP: 0/27
 13190 | D:8      | Upgraded the game from 0.31-a0-221-gbddc013574 to
                  | 0.31-a0-263-ge8cad7f256
 13221 | D:8      | Reached *** piety under Makhleb
 13254 | D:8      | Reached skill level 8 in Unarmed Combat
 14563 | D:9      | Reached XP level 10. HP: 39/43 MP: 14/19
 14713 | D:9      | You fall into a shaft and drop 2 floors!
 14717 | D:11     | Noticed a cyclops
 14735 | D:11     | Killed a cyclops
 14745 | D:11     | Reached skill level 1 in Evocations
 14861 | D:11     | Noticed an orc knight
 14861 | D:11     | Noticed a red ugly thing
 14861 | D:11     | Noticed a fire dragon
 14861 | D:11     | Noticed a fire dragon
 14861 | D:11     | Noticed a boulder beetle
 14861 | D:11     | Noticed a death knight
 15132 | D:11     | Found a stormy altar of Qazlal.
 15164 | D:10     | Entered Level 10 of the Dungeon
 15164 | D:10     | Noticed a two-headed ogre
 15225 | D:10     | Killed a two-headed ogre
 15644 | D:9      | Found a shimmering blue altar of Sif Muna.
 15843 | D:9      | Found Ybluhag's Book Shoppe.
 15851 | D:9      | Bought a book of Power for 462 gold pieces
 15851 | D:9      | Bought a Fen Folio for 462 gold pieces
 16287 | D:10     | Reached **** piety under Makhleb
 16363 | D:10     | Reached skill level 9 in Unarmed Combat
 16705 | D:10     | Gained mutation: You do not regenerate when monsters are
                  | visible. [potion of mutation]
 16705 | D:10     | Gained mutation: You are partially covered in iridescent
                  | scales. (AC +2) [potion of mutation]
 16705 | D:10     | Gained mutation: You sometimes lose your temper in combat.
                  | [potion of mutation]
 16705 | D:10     | Lost mutation: You sometimes lose your temper in combat.
                  | [potion of mutation]
 16706 | D:10     | Lost mutation: You do not regenerate when monsters are
                  | visible. [potion of mutation]
 16706 | D:10     | Lost mutation: You are partially covered in iridescent
                  | scales. (AC +2) [potion of mutation]
 16706 | D:10     | Gained mutation: You are weak. (Str -2) [potion of
                  | mutation]
 16706 | D:10     | Gained mutation: You have hidden genetic defects. [potion
                  | of mutation]
 17049 | D:10     | Reached XP level 11. HP: 46/46 MP: 16/21
 17055 | D:10     | Found a staircase to the Lair.
 17271 | D:10     | Found Aposurrapn's Magic Scroll Emporium.
 17279 | D:10     | Bought a scroll of teleportation for 45 gold pieces
 17279 | D:10     | Bought a scroll of fear for 60 gold pieces
 17655 | D:10     | Upgraded the game from 0.31-a0-263-ge8cad7f256 to
                  | 0.31-a0-523-g071a6c1ffa
 17679 | Lair:1   | Entered Level 1 of the Lair of Beasts
 17838 | D:11     | Found a staircase to the Orcish Mines.
 17844 | D:11     | Reached skill level 5 in Fighting
 17853 | D:11     | Killed from afar by an acid dragon
 17854 | D:11     | Reached XP level 10. HP: 0/44 MP: 0/29
 17861 | D:11     | Gained mutation: You are frail. (-10% HP) [hidden defects]
 17958 | D:11     | Identified the ring "Siut" {Ice Fly SInv}
 18144 | D:11     | Noticed a gargoyle
 18270 | D:11     | Noticed a skeletal warrior
 18299 | D:11     | Noticed a skeletal warrior
 18301 | D:11     | Noticed a skeletal warrior
 18301 | D:11     | Noticed a skeletal warrior
 18301 | D:11     | Noticed a skeletal warrior
 18335 | D:11     | Reached skill level 5 in Earth Magic
 18394 | D:11     | Noticed a boulder beetle
 18407 | D:11     | Mangled by a boulder beetle
 18408 | D:11     | Reached XP level 9. HP: -6/36 MP: 0/28
 18466 | D:11     | Upgraded the game from 0.31-a0-523-g071a6c1ffa to
                  | 0.31-a0-810-ga77100ea1a
 18466 | D:11     | Upgraded the game from 0.31-a0-810-ga77100ea1a to
                  | 0.31-a0-851-g7ff8af7976
 18795 | D:11     | Mangled by a skeletal warrior

Illustrated notes

Levels and vault maps discovered:
D:1:      saegor_arrival_fortress, layout_loops_ring
D:2:      layout_loops_cross, uniq_terence, uniq_sigmund
D:3:      layout_loops_cross, hellmonk_ecumenical_altar_watching_god,
          uniq_natasha
D:4:      layout_gridville, lemuel_tele_altar, minmay_temple_entry_wispy,
          gup_sewer_entry_glass, minivault_14
D:5:      layout_basic, mainiacjoe_overflow_small_starburst, uniq_ijyb
D:6:      layout_basic, uniq_pikel, uniq_eustachio, uniq_crazy_yiuf_cottage,
          uniq_edmund
D:7:      layout_basic, nzn_ghost_randoct, kennysheep_generic_room_9
D:8:      minmay_polygon_palace, layout_cave_pools,
          mainiacjoe_overflow_cross_hatched
D:9:      layout_gridville, nicolae_sif_muna_condensation, serial_shops,
          nicolae_shop_just_a_little_nook, minmay_fire_ice_demons
D:10:     layout_irregular_city, hellmonk_lair_entry_icy, serial_shops,
          nicolae_shop_stone
D:11:     minmay_the_grid_triangle_9x9_rhombus_full
          [minmay_the_grid_triangle_9x9_cache,
          minmay_the_grid_triangle_9x9_descending_squares,
          minmay_the_grid_triangle_9x9_flanged_cone,
          minmay_the_grid_triangle_9x9_windchime,
          minmay_the_grid_triangle_9x9_longest,
          minmay_the_grid_triangle_9x9_impossible_snake,
          minmay_the_grid_triangle_9x9_intruding_spiral,
          minmay_the_grid_triangle_9x9_prize_center], layout_basic, orc_0_dummy,
          gauntlet_entry_generic, serial_rivers, chequers_serial_rivers_room_b,
          chequers_serial_rivers_room_b, chequers_serial_rivers_micro_c,
          chequers_serial_rivers_small_a, chequers_serial_rivers_large_b,
          chequers_serial_rivers_micro_b, nicolae_qazlal_general_emergency
Temple:   nicolae_temple_bog_church
Lair:1:   layout_cave_pods, minmay_shattered_shrine, uniq_maggie

Skill      XL: |  1  2  3  4  5  6  7  8  9 10 11 |
---------------+----------------------------------+-----
Unarmed Combat | 1 2 3 4 5 8 9 |  9.0
Fighting       | 1 2 3 4 5 |  5.1
Spellcasting   | 3 4 5 6 |  6.1
Dodging        | 3 4 5 6 |  6.3
Stealth        | 3 4 5 6 |  6.4
Conjurations   | 4 5 8 |  8.9
Hexes          | 1 2 3 4 5 6 |  6.3
Translocations | 1 3 5 6 |  6.9
Earth Magic    | 3 5 |  5.0
Evocations     | 1 |  1.3

Action                     |  1- 3 |  4- 6 |  7- 9 | 10-12 || total
---------------------------+-------+-------+-------+-------++-------
  Melee: Unarmed           |     6 |    20 |    24 |    31 ||    81
         Bite              |     1 |       |     2 |     3 ||     6
         Punch             |       |       |       |     3 ||     3
   Cast: Magic Dart        |    60 |    55 |   137 |    29 ||   281
         Searing Ray       |     5 |    23 |    93 |     8 ||   129
         Dazzling Flash    |     1 |     2 |       |     1 ||     4
         Fulminant Prism   |       |     1 |     2 |    10 ||    13
         Iskenderun's Myst |       |       |     5 |     4 ||     9
         Stone Arrow       |       |       |    41 |   130 ||   171
  Evoke: Phial of floods   |       |       |     1 |       ||     1
         Wand              |       |       |       |     3 ||     3
         Condenser vane    |       |       |       |     1 ||     1
    Use: Scroll            |     6 |     2 |     7 |     4 ||    19
         Potion            |       |     2 |     3 |     5 ||    10
 Armour: Skin              |     6 |     3 |    14 |     4 ||    27
  Dodge: Dodged            |    16 |    75 |   131 |    86 ||   308
   Form: Maw               |       |       |       |     1 ||     1

Table legend: (Time is in decaauts)
 A = Elapsed time spent in this place.
 B = Non-inter-level travel time spent in this place.
 C = Inter-level travel time spent in this place.
 D = Time resting spent in this place.
 E = Time spent auto-exploring this place.
 F = Levels seen in this place.
 G = Mean time per level.
                   A        B        C        D        E       F      G
               +--------+--------+--------+--------+--------+-----+--------+
         Total |  16965 |  15980 |    985 |   3429 |   8822 |  14 | 1211.8 |
       Dungeon |  15683 |  14703 |    980 |   3105 |   8083 |  11 | 1425.7 |
        Temple |     17 |     12 |      5 |      0 |      0 |   1 |   17.0 |
          Lair |      4 |      4 |      0 |      0 |      0 |   1 |    4.0 |
         Sewer |   1260 |   1260 |      0 |    324 |    738 |   1 | 1260.0 |
               +--------+--------+--------+--------+--------+-----+--------+

Top non-repeatable levels by time:
     D:2: 3065 daAuts
     D:8: 1774 daAuts
    D:10: 1476 daAuts
     D:6: 1414 daAuts
     D:4: 1314 daAuts
    D:11: 1286 daAuts
   Sewer: 1260 daAuts
     D:7: 1225 daAuts
     D:9: 1212 daAuts
     D:1: 1061 daAuts
     D:3: 927 daAuts
     D:5: 922 daAuts
  Temple: 17 daAuts
  Lair:1: 4 daAuts
